 Dungeon Crawl Stone Soup version 0.30.1-9-gdf580d7c3d (webtiles) character file.

Game seed: 214192316351897018

83 danielguo94 the Covered (level 4, -2/28 HPs)
             Began as a Gargoyle Fighter on Oct 10, 2023.
             Slain by a gnoll
             ... wielding a +0 halberd
              (7 damage)
             ... on level 3 of the Dungeon.
             The game lasted 00:01:45 (1815 turns).

danielguo94 the Covered (Gargoyle Fighter)          Turns: 1815, Time: 00:01:45

Health: -2/28      AC: 13    Str: 22    XL:     4   Next: 44%
Magic:  4/4        EV:  8    Int:  8    God:
Gold:   95         SH:  4    Dex:  9    Spells: 3/3 levels left

rFire   . . .        a - +0 flail
rCold   . . .        c - +0 buckler
rNeg    + . .        j - +0 chain mail
rPois   ∞            (no helmet)
rElec   +            (no cloak)
rCorr   .            (no gloves)
SInv    .            (no boots)
Will    .....        (no amulet) Stlth
                     (no ring)
HPRegen 0.24/turn    (no ring)
MPRegen 0.09/turn

%: no passive effects
@: brilliant
A: sickness immunity, AC +3, negative energy resistance 1, electricity
resistance, torment resistance 1, petrification resistance
a: no special abilities


You were on level 3 of the Dungeon.
You visited 1 branch of the dungeon, and saw 3 of its levels.

You collected 95 gold pieces.

Inventory:

Hand Weapons
 a - a +0 flail (weapon)
Missiles
 b - 4 poisoned darts (quivered)
Armour
 c - a +0 buckler (worn)
 j - a +0 chain mail (worn)
Scrolls
 g - a scroll of enchant armour {unknown}
 i - 2 scrolls of fear {unknown}
 k - 2 scrolls of identify {unknown}
 m - 2 scrolls of teleportation {unknown}
Potions
 d - a potion of might
 e - 2 potions of brilliance
 f - a potion of heal wounds {unknown}
 h - a potion of resistance {unknown}
 l - a potion of berserk rage {unknown}


   Skills:
 + Level 3.6 Fighting
 * Level 3.6 Maces & Flails
 + Level 3.8 Armour
 + Level 3.6 Shields


You had 3 spell levels left.
You didn't know any spells.
Your spell library contained the following spells:

 Spells                   Type           Power      Damage    Failure   Level
 Wereblood                Tmut           0%         N/A       99%         2
 Dazzling Flash           Conj/Hex       0%         N/A       100%        3
 Agony                    Necr           0%         N/A       100%        5
 Silence                  Hex/Air        0%         N/A       100%        5
 Summon Hydra             Summ           0%         N/A       100%        7
 Sublimation of Blood     Necr           Unusable   N/A       N/A         2

Dungeon Overview and Level Annotations

Branches:
Dungeon (3/15)

Altars:


Innate Abilities, Weirdness & Mutations

You are immune to sickness and miasma.
Your stone body is resilient. (AC +3)
You are immune to poison.
You resist negative energy. (rN+)
You are resistant to electric shocks. (rElec)
You are resistant to unholy torment.
You are immune to petrification.


Message History

Found a scroll labelled LIMNOETARPH.
Things that are here:
a +0 dagger; a goblin corpse The gnoll barely misses you.
Things that are here:
a +0 dagger; a goblin corpse You barely miss the gnoll.
The gnoll hits you with a +0 halberd! The gnoll hits you but does no damage.
You hit the gnoll but do no damage. The gnoll hits you with a +0 halberd!
* * * LOW HITPOINT WARNING * * *
You are too injured to fight recklessly!
You are too injured to fight recklessly!
You are too injured to fight recklessly!
You are too injured to fight recklessly!
You are too injured to fight recklessly!
You are too injured to fight recklessly!
You are too injured to fight recklessly!
You are too injured to fight recklessly!
You are too injured to fight recklessly!
You are too injured to fight recklessly!
You are too injured to fight recklessly!
You are too injured to fight recklessly!
You are too injured to fight recklessly!
You are too injured to fight recklessly!
You are too injured to fight recklessly!
You are too injured to fight recklessly!
You hit the gnoll.
The gnoll is lightly wounded.
You block the gnoll's attack.
You hit the gnoll but do no damage.
The gnoll is lightly wounded.
The gnoll closely misses you.
It was a potion of brilliance.
You feel clever all of a sudden. The gnoll hits you with a +0 halberd.
* * * LOW HITPOINT WARNING * * *
You sock the gnoll!
The gnoll is severely wounded.
The gnoll hits you with a +0 halberd!
You die...

#?#..###.......... #
#.....8.... #.
#.......... #.
#.......... ..
#.........> ###+##+###.
#.#........
.........##.##.#........
.........##..#g#.#.8....
.........# #.@.#........
.........####....#######
.........'...........
........†#############
.....................###
.#####'#.###...........
#.#.# #.#......## #.#.#
#.#.####### #.#.#
#..<.......


You could see a gnoll.

Vanquished Creatures
  2 adders (D:2)
  A worm (D:3)
  A dart slug (D:1)
  7 endoplasms
  2 giant cockroaches (D:2)
  8 goblins
  5 hobgoblins
  2 kobolds
  4 quokkas
  7 ball pythons
  4 bats
  12 frilled lizards
  2 rats
57 creatures vanquished.

Notes
Turn   | Place    | Note
-------+----------+-------------------------------------------
     0 | D:1      | danielguo94 the Gargoyle Fighter began the quest for the
                  | Orb.
     0 | D:1      | Reached XP level 1. HP: 14/14 MP: 1/1
   211 | D:1      | Reached XP level 2. HP: 19/19 MP: 2/2
   419 | D:1      | Reached XP level 3. HP: 22/23 MP: 3/3
  1536 | D:2      | Reached XP level 4. HP: 26/28 MP: 4/4
  1815 | D:3      | Slain by a gnoll

Illustrated notes

Levels and vault maps discovered:
D:1:      saegor_arrival_fortress, layout_basic, minmay_lizard_pond
D:2:      layout_basic
D:3:      layout_basic, mainiacjoe_overflow_alcove_4,
          mainiacjoe_overflow_surrounded_room, trog_three_pillars_becter,
          st_stairs_1, small_statue_intersection, hangedman_decor_growths

Skill      XL: |  1  2  3 |
---------------+----------+-----
Maces & Flails | 3 |  3.6
Fighting       | |  3.6
Armour         | |  3.8
Shields        | |  3.6

Action                     |  1- 3 |  4- 6 || total
---------------------------+-------+-------++-------
  Melee: Flail             |   181 |    20 ||   201
    Use: Potion            |       |     1 ||     1
 Armour: Scale mail        |    71 |       ||    71
         Chain mail        |    61 |     6 ||    67
  Dodge: Dodged            |    98 |     6 ||   104
  Block: Buckler           |    30 |     4 ||    34
